Map: Berlingrad LE

Players

DRG - Winner!

  • Race: Zerg Zerg

Harstem

  • Race: Protoss Protoss

Event: TSL 8

VOD

Have the link to the VOD?

Description

Time

  • Played on: Nov. 28, 2021, 7:58 a.m.
  • Length: 10:31

All games in this series

Show
View Real Time Build Order
Export as new Build Order

DRG Zerg - Winner!

Build Orders: Hatch First 

Get SALT Encoding   

  12  0:00  Drone  
  13  0:12  Overlord  
  13  0:17  Drone  
  14  0:30  Drone x2  
  14  0:34  Drone  
  17  0:51  Hatchery  
  17  0:54  Drone  
  17  0:57  Drone  
  18  1:08  Extractor  
  17  1:11  Spawning Pool  
  17  1:15  Drone  
  17  1:18  Drone  
  18  1:28  Drone  
  19  1:39  Drone  
  20  1:47  Hatchery  
  20  1:49  Drone  
  20  2:00  Drone  
  21  2:03  Zergling x2  
  21  2:04  Queen  
  24  2:10  Metabolic Boost  
  24  2:16  Overlord  
  24  2:20  Drone  
  25  2:23  Drone  
  25  2:27  Drone  
  27  2:34  Queen  
  27  2:36  Zergling x2  
  30  2:38  Zergling x2  
  31  2:46  Zergling x2  
  31  2:48  Queen  
  31  2:50  Zergling x2  
  35  2:55  Spore Crawler  
  35  2:58  Overlord  
  35  3:02  Queen  
  36  3:06  Drone  
  36  3:08  Drone  
  36  3:09  Drone  
  36  3:11  Drone  
  39  3:14  Drone  
  39  3:17  Drone  
  39  3:19  Drone  
  42  3:24  Queen  
  44  3:27  Drone  
  44  3:29  Drone  
  44  3:32  Drone  
  47  3:34  Spore Crawler  
  47  3:36  Drone  
  47  3:38  Overlord  
  47  3:44  Overlord  
  47  3:45  Drone  
  47  3:46  Drone  
  49  3:54  Drone  
  49  3:55  Evolution Chamber  
  49  3:57  Drone x2  
  49  3:58  Drone  
  49  3:59  Spore Crawler  
  49  4:00  Drone  
  52  4:04  Drone x3  
  52  4:08  Queen  
  57  4:12  Overlord  
  57  4:14  Drone  
  58  4:18  Zergling x4  
  58  4:21  Drone  
  58  4:22  Zerg Melee Weapons Level 1  
  61  4:25  Drone  
  61  4:27  Drone  
  61  4:29  Drone x2  
  65  4:31  Spore Crawler  
  65  4:32  Queen  
  65  4:35  Drone x2  
  65  4:36  Drone  
  69  4:39  Drone x2  
  69  4:45  Baneling Nest, Extractor  
  70  4:46  Queen  
  70  4:54  Zergling x8  
  70  4:57  Overlord  
  74  5:00  Overlord  
  74  5:02  Overlord  
  74  5:04  Overlord  
  74  5:12  Overlord  
  73  5:14  Queen x2  
  73  5:16  Zergling x2  
  73  5:17  Zergling x6  
  73  5:19  Zergling x4  
  83  5:22  Zergling x4  
  83  5:28  Zergling x10  
  89  5:37  Zergling x2  
  89  5:39  Baneling x10, Queen  
  92  5:45  Zergling x12  
  92  5:49  Zergling x4  
  100  5:52  Queen  
  100  5:54  Zergling x4  
  100  5:59  Zergling x2  
  100  6:02  Queen  
  100  6:03  Zergling x4  
  94  6:06  Zergling x2  
  91  6:12  Zergling x2  
  91  6:15  Queen  
  91  6:16  Zergling x6  
  91  6:17  Zergling x2  
  98  6:24  Zergling x4  
  99  6:32  Zergling x4  
  99  6:35  Zerg Missile Weapons Level 1  
  97  6:40  Drone x4  
  97  6:41  Drone x2  
  97  6:42  Lair  
  97  6:44  Drone x2  
  103  6:47  Drone, Hatchery  
  103  6:49  Drone  
  103  6:53  Drone  
  105  6:56  Drone, Queen  
  105  7:01  Overlord  
  108  7:02  Drone  
  108  7:04  Extractor  
  108  7:07  Drone x5  
  113  7:10  Extractor, Overlord x2  
  113  7:12  Overlord  
  113  7:13  Extractor  
  113  7:14  Extractor  
  113  7:15  Overlord  
  110  7:16  Drone  
  110  7:17  Drone  
  110  7:19  Overlord  
  110  7:21  Drone  
  113  7:29  Drone x2  
  115  7:35  Drone x3  
  115  7:36  Drone  
  119  7:39  Drone x2  
  119  7:40  Drone x2  
  119  7:43  Drone x3  
  125  7:45  Queen x2  
  125  7:46  Queen  
  125  7:49  Extractor  
  125  7:51  Spire  
  128  7:53  Extractor  
  128  7:58  Overlord  
  127  8:04  Zergling x10  
  132  8:11  Overlord  
  131  8:13  Drone x6  
  137  8:20  Zergling x4  
  137  8:21  Zergling x8, Queen x2  
  146  8:27  Zergling x4  
  146  8:31  Spore Crawler  
  146  8:33  Queen  
  149  8:38  Centrifugal Hooks  
  149  8:39  Zergling x6  
  149  8:40  Zergling x8  
  156  8:43  Overlord x2  
  151  8:48  Zergling x10  
  148  9:05  Corruptor x6  
  159  9:10  Corruptor  
  159  9:11  Corruptor  
  157  9:18  Corruptor x2  
  157  9:22  Corruptor  
  161  9:28  Corruptor  
  161  9:29  Corruptor  
  164  9:32  Corruptor  
  164  9:33  Corruptor  
  165  9:38  Corruptor x2  
  165  9:44  Corruptor x2  
  168  9:53  Corruptor x3  
  168  9:59  Corruptor x2  
Show
View Real Time Build Order
Export as new Build Order

Harstem Protoss 

Build Orders: 1 Gate Expand, Oracle Opening 

Get SALT Encoding   

  12  0:00  Probe  
  13  0:13  Probe  
  14  0:20  Pylon  
  14  0:25  Probe  
  15  0:38  Probe (Chrono Boost)  
  15  0:40  Gateway  
  16  0:47  Probe (Chrono Boost)  
  17  0:51  Assimilator  
  17  0:52  Probe (Chrono Boost)  
  18  1:04  Probe  
  19  1:16  Probe  
  20  1:26  Nexus  
  20  1:37  Cybernetics Core  
  20  1:40  Probe  
  21  1:47  Assimilator  
  21  1:52  Probe  
  22  1:55  Pylon  
  22  2:04  Probe  
  23  2:11  Adept (Chrono Boost)  
  25  2:16  Probe  
  26  2:22  Stargate  
  26  2:28  Probe  
  27  2:31  Adept (Chrono Boost)  
  29  2:39  Probe  
  29  2:40  Probe  
  29  2:41  Warp Gate  
  31  2:51  Probe  
  31  2:53  Probe  
  33  2:59  Void Ray (Chrono Boost)  
  33  3:03  Probe  
  33  3:05  Probe  
  39  3:15  Probe  
  39  3:17  Probe  
  39  3:18  Pylon  
  41  3:22  Gateway  
  41  3:27  Probe  
  41  3:29  Probe  
  41  3:32  Oracle (Chrono Boost)  
  43  3:40  Probe  
  48  3:41  Probe  
  48  3:52  Probe  
  48  3:53  Probe  
  50  3:56  Nexus  
  50  3:58  Pylon  
  50  4:04  Probe  
  50  4:06  Probe (Chrono Boost)  
  50  4:07  Assimilator  
  52  4:10  Robotics Facility  
  52  4:15  Void Ray  
  52  4:16  Probe (Chrono Boost)  
  53  4:19  Assimilator  
  58  4:26  Probe (Chrono Boost), Pylon  
  58  4:27  Probe (Chrono Boost)  
  58  4:31  Forge  
  59  4:35  Probe  
  59  4:37  Probe  
  61  4:47  Probe  
  61  4:49  Probe  
  61  4:52  Void Ray  
  63  4:55  Pylon  
  63  4:59  Probe  
  68  5:06  Shield Battery  
  69  5:07  Shield Battery  
  69  5:08  Protoss Air Weapons Level 1  
  69  5:09  Adept x2  
  69  5:12  Photon Cannon  
  72  5:16  Photon Cannon  
  72  5:23  Probe  
  72  5:24  Probe  
  74  5:28  Pylon  
  74  5:30  Adept  
  74  5:34  Fleet Beacon  
  72  5:36  Probe (Chrono Boost)  
  72  5:37  Probe (Chrono Boost)  
  72  5:41  Adept, Probe (Chrono Boost)  
  77  5:46  Probe x2 (Chrono Boost)  
  80  5:50  Probe (Chrono Boost)  
  80  5:51  Probe (Chrono Boost)  
  80  5:56  Stargate  
  81  5:57  Shield Battery  
  81  6:03  Adept  
  76  6:08  Probe, Shield Battery  
  81  6:17  Photon Cannon  
  74  6:19  Adept  
  73  6:27  Probe  
  73  6:28  Probe  
  73  6:30  Zealot  
  68  6:40  Carrier (Chrono Boost), Probe  
  68  6:42  Carrier (Chrono Boost), Shield Battery  
  65  6:47  Sentry  
  65  6:49  Photon Cannon  
  65  6:52  Pylon  
  68  6:59  Pylon  
  68  7:00  Pylon  
  67  7:10  Probe  
  67  7:14  Probe  
  69  7:22  Shield Battery  
  69  7:25  Protoss Air Weapons Level 2  
  69  7:29  Carrier (Chrono Boost)  
  81  7:40  Carrier (Chrono Boost), Pylon  
  81  7:50  Nexus  
  81  7:54  Probe  
  81  7:55  Pylon  
  82  7:59  Probe  
  82  8:17  Probe x2  
  84  8:21  Carrier (Chrono Boost)  
  90  8:29  Probe  
  90  8:30  Nexus  
  90  8:31  Probe  
  90  8:32  Pylon  
  92  8:36  Pylon  
  92  8:38  Pylon  
  92  8:40  Pylon  
  92  8:41  Probe  
  93  8:50  Photon Cannon  
  93  8:51  Void Ray (Chrono Boost)  
  97  8:59  Shield Battery  
  97  9:06  Zealot  
  97  9:07  Zealot  
  96  9:31  Nexus  
  96  9:32  Pylon  
  101  9:56  Photon Cannon  
  101  9:58  Nexus  
Tags
 
Add a new tag
Caveats
  • Supply blocks, unpowered buildings, or Contaminate may cause inaccurate times.
  • Supply counts are checked every 10 seconds.